 Dungeon Crawl Stone Soup version 0.21-a0-591-g2314aa1 (webtiles) character file.

154 Lanoc the Conjurer (level 5, -1/28 HPs)
             Began as a Kobold Conjurer on Dec 22, 2017.
             Killed from afar by an orc wizard (5 damage)
             ... with a magic dart
             ... on level 3 of the Dungeon.
             The game lasted 00:10:44 (2079 turns).

Lanoc the Conjurer (Kobold Conjurer)                Turns: 2079, Time: 00:10:45

Health: -1/28      AC:  3    Str:  5    XL:     5   Next: 62%
Magic:  1/9        EV: 16    Int: 17    God:
Gold:   112        SH:  0    Dex: 16    Spells: 4/10 levels left

rFire    + . .     SeeInvis .   (weapon restricted)
rCold    . . .     Gourm    .   (shield restricted)
rNeg     . . .     Faith    .   a - +1 robe
rPois    .         Spirit   .   (no helmet)
rElec    .         Reflect  .   (no cloak)
rCorr    .         Harm     .   (no gloves)
MR       .....                  (no boots)
Stlth    +.........             (no amulet)
HPRegen  0.09/turn              t - ring of loudness (curse)
MPRegen  0.11/turn              s - ring of protection from fire

@: no status effects
A: small, carnivore
a: no special abilities


You were on level 3 of the Dungeon.
You were very full.

You visited 1 branch of the dungeon, and saw 3 of its levels.

You collected 112 gold pieces.

Inventory:

Missiles
 r - 8 bolts
Armour
 a - a +1 robe (worn)
Jewellery
 p - an uncursed ring of see invisible
 s - a ring of protection from fire (right hand)
 t - a cursed ring of loudness (left hand)
Potions
 e - 2 potions of curing {unknown}
 g - a potion of heal wounds {unknown}
 j - a potion of magic {unknown}
 l - a potion of flight {unknown}
 q - a potion of agility {unknown}
Books
 b - a book of Conjurations

   Spells                             Type                      Level
   a - Magic Dart                     Conjuration                  1
   b - Searing Ray                    Conjuration                  2
   c - Dazzling Spray                 Conjuration/Hexes            3
   d - Fulminant Prism                Conjuration/Hexes            4
   e - Force Lance                    Conjuration/Translocation    4
   f - Iskenderun's Mystic Blast      Conjuration                  4
Comestibles
 c - 7 rations
 n - 8 chunks of flesh


   Skills:
 + Level 3.8 Dodging
 - Level 2.6 Stealth
 + Level 3.2 Spellcasting
 * Level 5.4 Conjurations


You had 4 spell levels left.
You knew the following spells:

 Your Spells              Type           Power        Failure   Level  Hunger
a - Magic Dart            Conj           ###.         1%          1    None
b - Searing Ray           Conj           ###...       2%          2    ##.....
c - Dazzling Spray        Conj/Hex       ##....       17%         3    ###....


Dungeon Overview and Level Annotations

Branches:
Dungeon (3/15)

Altars:


Innate Abilities, Weirdness & Mutations

You are small and have problems with some larger weapons.
You are carnivorous and can eat meat at any time.


Message History

The orc wizard seems to speed up.
The searing ray hits the kobold.
You kill the kobold!
The searing ray hits the orc.
You kill the orc!
You finish channeling your searing ray.
The orc wizard points at you and mumbles some strange words.
The magic dart hits you!
* * * LOW HITPOINT WARNING * * *
Casting: Searing Ray
Confirm with . or Enter, or press ? or * to list all spells.
Aiming: Magic Dart
Press: ? - help, Shift-Dir - straight line The magic dart hits the orc wizard.
The orc wizard is moderately wounded.
You barely miss the orc wizard.
The orc wizard is moderately wounded.
The orc wizard points at you and mumbles some strange words.
The magic dart hits you!
You die...

## #. ####.##
###
###.....###.....
........@o.)...?
###.....###.....
#..###.## ###
#.# ##.# #... #.
#.# #... ###.#
##.# #...
.....###.##
##...## . #...##
#...... .. #..##
#.....####


You could see an orc wizard.

Vanquished Creatures
  An orc priest (D:3)
  4 adders (D:2)
  3 gnolls (D:2)
  A worm (D:2)
  A dart slug (D:2)
  4 leopard geckos
  3 orcs (D:3)
  3 giant cockroaches
  4 goblins
  6 hobgoblins
  A ball python (D:1)
  6 bats
  5 frilled lizards
  6 kobolds
  7 rats
55 creatures vanquished.

Notes
Turn   | Place    | Note
-------+----------+-------------------------------------------
     0 | D:1      | Lanoc the Kobold Conjurer began the quest for the Orb.
     0 | D:1      | Reached XP level 1. HP: 10/10 MP: 3/3
   160 | D:1      | Reached XP level 2. HP: 7/15 MP: 3/5
   164 | D:1      | Learned a level 2 spell: Searing Ray
   685 | D:1      | Reached XP level 3. HP: 19/19 MP: 3/6
   730 | D:2      | Learned a level 3 spell: Dazzling Spray
  1226 | D:2      | Reached XP level 4. HP: 20/24 MP: 3/8
  1579 | D:2      | Reached skill level 5 in Conjurations
  1761 | D:2      | Reached XP level 5. HP: 28/28 MP: 6/9
  2079 | D:3      | Killed from afar by an orc wizard

Vault maps used:
D:1:      minmay_arrival_plants_in_alcoves
D:2:      first_ration

Skill      XL: |  1  2  3  4 |
---------------+-------------+-----
Dodging        | 3 |  3.8
Conjurations   | 5 |  5.4
Spellcasting   | 3 |  3.2
Stealth        | |  2.6

Action                   |  1- 3 |  4- 6 || total
-------------------------+-------+-------++-------
Melee: Unarmed           |    50 |     3 ||    53
 Cast: Magic Dart        |    52 |     2 ||    54
       Searing Ray       |     5 |    19 ||    24
  Use: Scroll            |       |     7 ||     7
 Stab: Sleeping          |     1 |       ||     1
  Eat: Chunk             |     9 |     4 ||    13
Armor: Robe              |     6 |     1 ||     7
Dodge: Dodged            |    53 |     9 ||    62

Table legend:
 A = Spawn XP
 B = Non-spawn XP
 C = Spawn XP percentage of total XP
 D = Spawn monster count
 E = Non-spawn monster count
 F = Spawn count percentage of total count
 G = Total turns spent on level
                    A         B        C        D         E        F      G
               +---------+---------+-------+---------+---------+-------+---------
         Total |       0 |     220 |   0.0 |       0 |      55 |   0.0 |  2079
               +---------+---------+-------+---------+---------+-------+---------
           D:1 |       0 |      29 |   0.0 |       0 |      20 |   0.0 |   889
           D:2 |       0 |     133 |   0.0 |       0 |      27 |   0.0 |  1061
           D:3 |       0 |      58 |   0.0 |       0 |       8 |   0.0 |   129
               +---------+---------+-------+---------+---------+-------+---------
